 Dungeon Crawl Stone Soup version 0.30-a0-965-g42e074c17a (webtiles) character file.

Game seed: 13161167084476952463

303 BlueFish the Sneak (level 6, -1/41 HPs)
             Began as an Octopode Warper on Mar 30, 2023.
             Slain by an orc wizard
             ... wielding a +0 dagger
              (4 damage)
             ... on level 3 of the Dungeon.
             The game lasted 00:03:59 (2345 turns).

BlueFish the Sneak (Octopode Warper)                Turns: 2345, Time: 00:04:00

Health: -1/41      AC:  1    Str: 15    XL:     6   Next: 38%
Magic:  10/10      EV: 13    Int: 15    God:
Gold:   167        SH:  0    Dex: 12    Spells: 3/10 levels left

rFire   . . .      SeeInvis .    m - +12 war axe of True Grit {vamp, Fragile Fly rN+ Str+3}
rCold   . . .      Faith    .    (no shield)
rNeg    + . .      Spirit   .    (helmet restricted)
rPois   .          Reflect  .    (no amulet)
rElec   .          Rampage  .    (no ring)
rCorr   .                        (no ring)
Will    .....                    (no ring)
Stlth   ++                       (no ring)
HPRegen 0.26/turn                (no ring)
MPRegen 0.12/turn                (no ring)
                                 (no ring)
                                 (no ring)

@: confused, mighty, flying
A: almost no armour, amphibious, 8 rings, camouflage 1, gelatinous body 1,
(nimble swimmer 1), tentacles
a: no special abilities


You were on level 3 of the Dungeon.
You visited 1 branch of the dungeon, and saw 3 of its levels.

You collected 167 gold pieces.

Inventory:

Hand Weapons
 m - the +12 war axe of True Grit (weapon) {vamp, Fragile Fly rN+ Str+3}
   (You took it off a kobold on level 2 of the Dungeon)

   Str:       It affects your strength (+3).
   rN:        It protects you from negative energy.
   Fly:       It grants you flight.
   Fragile:   It will be destroyed if unequipped.
Missiles
 b - 7 boomerangs of dispersal
 c - 22 stones (quivered)
 f - 3 boomerangs
 j - 2 poisoned darts
Scrolls
 a - a scroll of blinking
 e - a scroll of identify {unknown}
 g - a scroll of magic mapping {unknown}
 h - a scroll of teleportation {unknown}
 n - a scroll of fear {unknown}
Potions
 i - a potion of degeneration {unknown}
 k - a potion of attraction {unknown}
 l - a potion of haste {unknown}


   Skills:
 + Level 2.9 Fighting
 + Level 2.2 Throwing
 + Level 3.1 Dodging
 * Level 4.6 Stealth
 + Level 2.8 Unarmed Combat
 + Level 2.7 Spellcasting
 + Level 3.6 Translocations


You had 3 spell levels left.
You knew the following spells:

 Your Spells              Type           Power      Damage    Failure   Level
a - Blink                 Tloc           24%        N/A       7%          2
b - Lesser Beckoning      Tloc           24%        N/A       7%          2
c - Teleport Other        Tloc           12%        N/A       14%         3

Your spell library contained the following spells:

 Spells                   Type           Power      Damage    Failure   Level
 Vhi's Electric Charge    Tloc/Air       14%        N/A       30%         3
 Manifold Assault         Tloc           12%        N/A       43%         4


Dungeon Overview and Level Annotations

Branches:
Dungeon (3/15)

Altars:
Zin


Innate Abilities, Weirdness & Mutations

You cannot wear most types of armour.
You are amphibious.
You can wear up to eight rings at the same time.
Your skin changes colour to match your surroundings (Stealth+).
Your rubbery body absorbs attacks. (AC +1, EV +1)
((You are camouflaged when in or above water. (Stealth+)))
You have tentacles for arms and can constrict up to eight enemies at once.


Message History

You are confused.
Something hits you.
There is an open door here.
You slash something!
You hear some strange, mumbled words.
You are more confused.
You're too confused to move!
Something hits you.
You bump into the rock wall.
You hear some strange, mumbled words.
You are more confused.
You bump into the rock wall.
Something hits you. Something hits you.
You hear some strange, mumbled words.
You are more confused.
You're too confused to move!
A magic dart appears from out of thin air!
The magic dart hits you! Something hits you.
There is an open door, spattered with blood here.
You bump into the rock wall.
Something hits you.
You miss something. Your squeeze misses something. Something hits you. x2
You barely miss something. You squeeze something. Something hits you.
You miss something.
You hear some strange, mumbled words.
You are more confused.
Something hits you.
You bump into the rock wall.
You hear some strange, mumbled words.
A magic dart appears from out of thin air!
The magic dart hits you.
* * * LOW HITPOINT WARNING * * *
You hit something.
You feel better.
You hear some strange, mumbled words.
A magic dart appears from out of thin air!
The magic dart hits you.
* * * LOW HITPOINT WARNING * * *
It was a potion of might.
You feel very mighty all of a sudden. Something hits you.
You die...

## ######.########
...............
########...#########
......{@...'.......#
########...#######.#
#....)#.......#.#
#.###.#.#####.#.#
#.# #†#.# #.#.# #.#
#.#.# #.#.#
#.###.#.# #.#.#
#.#..<#.# #.#.#
#.#####.#####.#.#


There were no monsters in sight!

Vanquished Creatures
  Sigmund (D:2)
  2 orc priests (D:3)
  3 adders (D:2)
  2 worms (D:2)
  A dart slug (D:2)
  An orc (D:3)
  4 ball pythons
  3 endoplasms
  A giant cockroach (D:1)
  14 goblins
  6 hobgoblins
  7 jackals
  2 quokkas
  3 bats
  2 frilled lizards
  7 kobolds
  3 rats
62 creatures vanquished.

Vanquished Creatures (others)
  2 plants (D:2)
2 creatures vanquished.

Grand Total: 64 creatures vanquished

Notes
Turn   | Place    | Note
-------+----------+-------------------------------------------
     0 | D:1      | BlueFish the Octopode Warper began the quest for the Orb.
     0 | D:1      | Reached XP level 1. HP: 14/14 MP: 3/3
    61 | D:1      | Reached skill level 1 in Stealth
    63 | D:1      | Reached XP level 2. HP: 7/19 MP: 5/5
   455 | D:1      | You fall into a shaft and drop 1 floor!
   477 | D:2      | Found a glowing silver altar of Zin.
   483 | D:2      | Reached XP level 3. HP: 17/24 MP: 6/6
   486 | D:2      | Learned a level 2 spell: Blink
   489 | D:2      | Learned a level 2 spell: Lesser Beckoning
   542 | D:2      | Reached skill level 2 in Stealth
   668 | D:2      | Noticed Sigmund
   763 | D:2      | Killed Sigmund
   764 | D:2      | Reached skill level 3 in Stealth
   764 | D:2      | Reached XP level 4. HP: 10/30 MP: 7/7
   764 | D:2      | Reached XP level 5. HP: 12/35 MP: 8/8
  1287 | D:1      | Learned a level 3 spell: Teleport Other
  1488 | D:2      | Reached skill level 4 in Stealth
  1803 | D:2      | Reached XP level 6. HP: 41/41 MP: 9/9
  1914 | D:2      | Identified the +12 war axe of True Grit {vamp, Fragile Fly
                  | rN+ Str+3}
  2345 | D:3      | Slain by an orc wizard

Illustrated notes

Levels and vault maps discovered:
D:1:      ncdulo_wetmaze, layout_basic, chequers_jeans, nrook_loot_triangle
D:2:      cheibrodos_greedy_goblins, layout_loops_corners, serial_glass,
          glass_columns_a, glass_columns_c, basic_altar, serial_bayou_pond_a,
          uniq_sigmund
D:3:      layout_basic, led_sif_pool, grunt_ministairs_3, minmay_misc_feat_tiny,
          uniq_terence

Skill      XL: |  1  2  3  4  5 |
---------------+----------------+-----
Stealth        | 1 3 4 |  4.6
Dodging        | 3 |  3.1
Throwing       | 2 |  2.2
Fighting       | |  2.9
Unarmed Combat | |  2.8
Spellcasting   | |  2.7
Translocations | |  3.6

Action                     |  1- 3 |  4- 6 || total
---------------------------+-------+-------++-------
  Melee: Unarmed           |    76 |    52 ||   128
         Constrict         |    23 |    17 ||    40
         Tentacles         |    16 |    14 ||    30
         Punch             |     1 |     2 ||     3
         War axe           |       |    20 ||    20
    Use: Potion            |       |     1 ||     1
   Stab: Sleeping          |     5 |     4 ||     9
 Armour: Skin              |     3 |     5 ||     8
  Dodge: Dodged            |    48 |    25 ||    73

Table legend: (Time is in decaauts)
 A = Elapsed time spent in this place.
 B = Non-inter-level travel time spent in this place.
 C = Inter-level travel time spent in this place.
 D = Time resting spent in this place.
 E = Time spent auto-exploring this place.
 F = Levels seen in this place.
 G = Mean time per level.
                   A        B        C        D        E       F      G
               +--------+--------+--------+--------+--------+-----+--------+
         Total |   2347 |   2272 |     75 |     92 |   1651 |   3 |  782.3 |
       Dungeon |   2347 |   2272 |     75 |     92 |   1651 |   3 |  782.3 |
               +--------+--------+--------+--------+--------+-----+--------+

Top non-repeatable levels by time:
     D:2: 1312 daAuts
     D:1: 878 daAuts
     D:3: 156 daAuts
